amy, neutral female gnomish Ranger --- --- ..--..| -- --......| --.--......=-- |..........G.| -..i@.......| --............- |.........G..- |'........*...| ................ ---..(...--....... ----...| --.| ..- .--- -- - .. - amy the Lookout Experience level: 5 Strength: 15 Dexterity: 10 Constitution: 14 Intelligence: 14 Wisdom: 13 Charisma: 9 Health: 0(31) Energy: 25(27) Def: 3 Gold: 306 Moves: 2698 Dungeon seed: qwQ2UOGhy20PAAWC Game ID: amy_1465197295 Your Inventory: Coins $ - 306 gold pieces Weapons a - an uncursed corroded +1 dagger b - an uncursed +2 crossbow (weapon in hand) c - 53 uncursed +2 crossbow bolts (in quiver) d - 30 uncursed +0 crossbow bolts h - an uncursed +2 aklys k - 4 uncursed +0 orcish daggers m - 13 uncursed +0 arrows t - 7 uncursed +0 crossbow bolts U - 6 uncursed +0 silver arrows Y - an uncursed +0 bow Armor n - an uncursed +0 helm of brilliance named ok (being worn) V - an uncursed +0 pair of iron shoes (being worn) Comestibles r - an uncursed eucalyptus leaf Scrolls j - an uncursed scroll of remove curse I - a blessed scroll of teleportation S - a cursed scroll of water Potions v - an uncursed potion of invisibility F - an uncursed potion of confusion named ok O - a cursed potion of sleeping W - an uncursed potion of confusion Rings i - an uncursed ring of regeneration named ok (on left hand) Wands g - an uncursed wand of slow monster (0:2) l - an uncursed wand of create monster (0:10) Tools p - an uncursed oilskin sack x - an uncursed stethoscope D - an uncursed tin whistle E - an uncursed blindfold M - an uncursed skeleton key N - an uncursed brass lantern (0:1405) P - an uncursed oil lamp (0:1232) T - an uncursed oil lamp (lit) (0:230) Gems q - an uncursed worthless piece of green glass y - 2 uncursed flint stones Spells and supernatural/magical abilities: Name Level Category Fail Memory W - pray for help -- divine ? -- Your skills at the end: Miscellaneous Skills wands [Basic] Weapon Skills dagger [Basic] club [Basic] crossbow [Basic] Spellcasting Skills Final Attributes: You were devoutly aligned. You were telepathic. You had automatic searching. You had infravision. You regenerated. You are dead. Vanquished creatures: a giant beetle an imp a shrieker a black naga hatchling a guardian naga hatchling a giant ant a little dog 2 floating eyes a dwarf a homunculus 2 iguanas 7 hill orcs a rabid rat an orc zombie 3 hobbits an acid blob 2 geckos 3 giant rats 2 cave spiders a yellow mold a gnome a gnome zombie 5 jackals a kobold 8 newts 6 goblins 4 sewer rats 5 grid bugs 3 lichens 2 kobold zombies 70 creatures vanquished. Voluntary challenges: You had followed a strict vegan diet until turn 2277. You had followed a strict vegetarian diet until turn 2277. You used a wielded weapon 33 times, starting on turn 4. You did not apply a unicorn horn. You read items or engraved 1 time, starting on turn 471. You never genocided any monsters. You never polymorphed an object. You changed form 1 time, starting on turn 2444. You used no wishes. You never split a pudding. You never wrote Elbereth's name. You never violated your personal moral code. Dungeon overview: The Dungeons of Doom: levels 1 to 3 Level 1 a long staircase Level 2 Level 3 an altar to Mercury, a fountain stairs to The Gnomish Mines The Gnomish Mines: levels 4 to 10 Level 4 stairs to The Dungeons of Doom Level 5 Level 6 many shops, a temple to Mars, some fountains Level 7 Level 8 Level 9 Level 10 <- You were here History has recorded: On T:1 you entered the Dungeons of Doom to retrieve the Amulet of Yendor! On T:344 you reached level 2 of The Dungeons of Doom. On T:451 you advanced to experience level 2. On T:820 you reached level 3 of The Dungeons of Doom. On T:955 you advanced to experience level 3. On T:1020 you reached level 1 of The Gnomish Mines. On T:1291 you reached level 2 of The Gnomish Mines. On T:1347 you reached level 3 of The Gnomish Mines. On T:1363 you advanced to experience level 4. On T:1465 you entered the Minetown temple On T:1824 you reached level 4 of The Gnomish Mines. On T:2113 you advanced to experience level 5. On T:2371 you reached level 5 of The Gnomish Mines. On T:2402 you reached level 6 of The Gnomish Mines. On T:2695 you reached level 7 of The Gnomish Mines. Score breakdown: Gold: 306 ( 30 points) Experience: 5 levels ( 400 points) Exploration: 10 levels ( 270 points) Discoveries: 6 items ( 300 points) Variety of kills: 30 monsters ( 1500 points) Major goal: reached Minetown ( 500 points) Survival: died (score multiplied by 3) Total score: 9000 Latest messages: The quasit bites! The quasit claws you! (2x) The quasit just misses! The quasit seems to be moving slower. (2x) The quasit claws you! (2x) The quasit bites! You begin praying to Venus. You are surrounded by a shimmering light. The quasit starts to attack you, but pulls back. (3x) You feel that Venus is well-pleased. Your stomach feels content. You feel your magical energy drain away! The quasit claws you! (2x) The quasit bites! The crossbow bolt hits the quasit! The quasit claws you! (2x) The quasit bites! The crossbow bolt misses the quasit. The quasit claws you! (2x) You die... The oilskin sack is empty. The oilskin sack is empty. Final status: Goodbye amy the Ranger, killed by a quasit... You died in The Gnomish Mines on dungeon level 10 with 9000 points, and 306 pieces of gold, after 2698 moves. You were level 5 with a maximum of 31 hit points when you died.